 Dungeon Crawl Stone Soup version 0.17-a0-2127-g1cb09f6 (webtiles) character file.

619 radek the Infuser (level 7, -6/36 HPs)
             Began as a Deep Elf Conjurer on Oct 23, 2015.
             Was an Initiate of Vehumet.
             Mangled by an iguana (7 damage)
             ... on level 4 of the Dungeon.
             The game lasted 00:25:44 (5698 turns).

radek the Infuser (Deep Elf Conjurer)               Turns: 5698, Time: 00:25:44

Health: -6/36      AC: 12    Str:  6    XL:     7   Next: 21%
Magic:  5/13       EV: 13    Int: 21    God:    Vehumet [......]
Gold:   272        SH:  0    Dex: 15    Spells: 2 memorised, 6 levels left

rFire  . . .     SeeInvis .     p - +2 dagger (protect)
rCold  . . .     Clarity  .     a - +0 robe
rNeg   . . .     SustAt   .     (no shield)
rPois  .         Gourm    .     w - +2 helmet
rElec  .         Spirit   .     o - +0 cloak
rCorr  .         Warding  .     j - +0 pair of gloves
rMut   .         Stasis   .     (no boots)
MR     .....                    (no amulet)
Stlth  ++........               (no ring)
                                (no ring)

@: lethally poisoned (-6 -> -15), very slightly contaminated, not resistant to
hostile enchantments, unstealthy
A: no striking features
a: Renounce Religion


You were on level 4 of the Dungeon.
You worshipped Vehumet.
Vehumet was noncommittal.
You were not hungry.

You visited 2 branches of the dungeon, and saw 6 of its levels.

You collected 272 gold pieces.

Inventory:

Hand Weapons
 l - a +0 dagger
 m - a +0 whip of electrocution
 p - a +2 dagger of protection (weapon)
 v - a +0 falchion of slicing
Armour
 a - a +0 robe (worn)
 i - a +0 cloak
 j - a +0 pair of gloves (worn)
 o - a +0 cloak (worn)
 u - a +0 helmet
 w - a +2 helmet (worn)
Jewellery
 C - an uncursed ring of wizardry {unknown}
Wands
 q - a wand of enslavement (15)
 x - a wand of slowing (5)
 y - a wand of paralysis (16)
Scrolls
 f - 2 scrolls of identify {unknown}
 r - 2 scrolls of enchant armour {unknown}
 s - a scroll of fog {unknown}
 t - 3 scrolls of teleportation {unknown}
 A - a scroll of recharging {unknown}
 B - a scroll of amnesia {unknown}
Potions
 c - a potion of ambrosia {unknown}
 d - 2 potions of haste {unknown}
 e - a potion of flight {unknown}
 h - 5 potions of might {unknown}
 k - a potion of curing {unknown}
 n - a potion of brilliance {unknown}
Books
 b - a book of Conjurations

   Spells                             Type                      Level
   a - Magic Dart                     Conjuration                  1
   b - Searing Ray                    Conjuration                  2
   c - Dazzling Spray                 Conjuration/Hexes            3
   d - Fulminant Prism                Conjuration/Hexes            4
   e - Iskenderun's Mystic Blast      Conjuration                  4
   f - Iskenderun's Battlesphere      Conjuration/Charms           5
Comestibles
 g - 2 meat rations


   Skills:
 - Level 2.4 Dodging
 - Level 2.4 Stealth
 - Level 3.0 Spellcasting
 - Level 7.0 Conjurations
 * Level 8.4 Charms


You had 6 spell levels left.
You knew the following spells:

 Your Spells              Type           Power        Failure   Level  Hunger
a - Magic Dart            Conj           ####         1%          1    None
b - Iskenderun's Battles  Conj/Chrm      #####...     17%         5    ######.


Dungeon Overview and Level Annotations

Branches:
Dungeon (5/15)             Temple (1/1) D:4

Altars:
Ashenzari
Cheibriados
Dithmenos
Elyvilon
Fedhas
Gozag
Nemelex Xobeh
Okawaru
Qazlal
Sif Muna
Vehumet
Xom
Yredelemnul
Zin
The Shining One

Shops:
D:4 (


Message History

You feel sick.
There is a stone staircase leading down here.
Casting: Magic Dart
Confirm with . or Enter, or press ? or * to list all spells.
You miscast Iskenderun's Battlesphere.
You are very lightly contaminated with residual magic.
Your skin glows momentarily.
* * * LOW HITPOINT WARNING * * *
You feel sick. The adder bites you but does no damage.
The iguana barely misses you.
Casting: Iskenderun's Battlesphere
Confirm with . or Enter, or press ? or * to list all spells.
Aiming: Magic Dart
Press: ? - help, Shift-Dir - straight line, f - iguana
Aim: an iguana (moderately wounded)
The magic dart hits the iguana.
The iguana is heavily wounded.
* * * LOW HITPOINT WARNING * * *
You feel sick. The adder completely misses you. The iguana bites you!
You die...

##########.........≈§≈≈≈§§.#
####..........#######.#≈≈§§§..#
..............'∩# #.#####..####
##...################.#####.#....
#...# #.............#.###
#...#### ##................#
##......# ######.#######)#.#
.....##.### ##### #...# #..#§
.#........####.l@###...### ##..§
.#...............S.......# ###§
.#....###)####...##.#.##.# #.#
#####.# #.# ##.###.#.##.######..
.#....###.# #<# #.#...#.......[
.#.....##.#####.###.#.##.#####..#
.#.##..##...>....##.#.##.# #..#
...##..##.#####.....#.##.# #..#
#.###...#.####........##.# #...


You could see an iguana and an adder.

Vanquished Creatures
  The ghost of DEFE the Skirmisher, an amateur DgFi (D:4)
  A crimson imp (D:3)
  An orc priest (D:3)
  An iguana (D:4)
  2 hounds (D:4)
  Jessica (D:2)
  A centaur skeleton (D:4)
  2 orc wizards (D:4)
  3 adders
  2 adder skeletons (D:4)
  A worm (D:2)
  4 giant geckos
  19 orcs
  5 giant cockroaches
  5 goblins
  8 hobgoblins
  6 jackals
  3 quokkas
  3 ball pythons
  5 bats
  6 giant newts
  4 kobolds
  5 rats
89 creatures vanquished.

Vanquished Creatures (others)
  A gnoll shaman (D:4)
  A quokka (D:4)
2 creatures vanquished.

Grand Total: 91 creatures vanquished

Notes
Turn   | Place    | Note
--------------------------------------------------------------
     0 | D:1      | radek the Deep Elf Conjurer began the quest for the Orb.
     0 | D:1      | Reached XP level 1. HP: 10/10 MP: 6/6
   497 | D:1      | Reached XP level 2. HP: 15/15 MP: 1/8
   605 | D:1      | Reached skill level 5 in Conjurations
  1368 | D:2      | Reached XP level 3. HP: 19/19 MP: 4/9
  1511 | D:2      | Found a deep blue altar of Sif Muna.
  1539 | D:2      | Found an opulent altar of Gozag.
  1549 | D:2      | Found a faded altar to an unknown god.
  1955 | D:2      | Noticed Jessica
  1966 | D:2      | Killed Jessica
  1966 | D:2      | Reached skill level 6 in Conjurations
  1966 | D:2      | Reached XP level 4. HP: 24/24 MP: 1/10
  2996 | D:3      | Reached skill level 7 in Conjurations
  2996 | D:3      | Reached XP level 5. HP: 21/28 MP: 1/11
  3110 | D:3      | Learned a level 5 spell: Iskenderun's Battlesphere
  3146 | D:3      | Reached skill level 1 in Charms
  4018 | D:4      | Noticed DEFE's ghost (amateur DgFi)
  4041 | D:4      | Reached XP level 6. HP: 12/32 MP: 4/12
  4251 | D:4      | Reached skill level 5 in Charms
  4483 | D:4      | Killed DEFE's ghost
  4483 | D:4      | Reached XP level 7. HP: 6/36 MP: 0/13
  4831 | D:4      | Reached skill level 8 in Charms
  4974 | D:4      | Found Udira's Weapon Boutique.
  4983 | D:4      | Found a shimmering altar of Xom.
  5130 | D:4      | Found a shadowy altar of Dithmenos.
  5359 | D:4      | Found a staircase to the Ecumenical Temple.
  5522 | Temple   | Entered the Ecumenical Temple
  5548 | Temple   | Became a worshipper of Vehumet
  5691 | D:5      | Entered Level 5 of the Dungeon
  5698 | D:4      | HP: 1/36 [poisoned by an adder]
  5698 | D:4      | Mangled by an iguana

Vault maps used:
D:1:      dpeg_arrival_three_bigger_balls, roderic_aztec_sauvastika,
          minivault_11, minmay_misc_feat_chi
D:2:      led_sif_pool, lemuel_round_altar, ecumenical_altar_1, uniq_jessica
D:3:      first_bread
D:4:      grunt_dithmenos_smoke_and_mirrors, minmay_temple_entry_mist,
          serial_shops, kennysheep_mini, xom_confusion_cloud
D:5:      serial_bayou_pond_e, amalloy_card_club
Temple:   minmay_crystal_spiral_temple_12

Action                   |  1- 3 |  4- 6 |  7- 9 || total
-------------------------+-------+-------+-------++-------
Melee: Unarmed           |     1 |       |       ||     1
       Dagger            |       |     2 |       ||     2
 Cast: Magic Dart        |    85 |   131 |    32 ||   248
       Iskenderun's Batt |       |     1 |     3 ||     4
  Eat: Chunk             |     2 |       |       ||     2
       Bread ration      |     1 |     1 |       ||     2
       Meat ration       |       |       |     1 ||     1
